Map: Romanticide LE

Players

moony

  • Race: Protoss Protoss
  • League: Diamond
  • Spawn Location: 5:00

Pumba - Winner!

  • Race: Zerg Zerg
  • League: Diamond
  • Spawn Location: 11:00

VOD

Have the link to the VOD?

Description

Time

  • Played on: Aug. 24, 2021, 9:41 p.m.
  • Length: 17:45
Show
View Real Time Build Order
Export as new Build Order

moony Protoss 

Build Orders: 1 Gate Expand, Oracle Opening 

Get SALT Encoding   

  12  0:00  Probe  
  13  0:12  Probe  
  14  0:20  Pylon  
  14  0:24  Probe  
  15  0:38  Probe (Chrono Boost)  
  15  0:40  Gateway  
  16  0:47  Probe (Chrono Boost)  
  16  0:49  Assimilator  
  17  0:52  Probe (Chrono Boost)  
  18  1:04  Probe  
  19  1:16  Probe  
  20  1:29  Probe  
  20  1:30  Nexus  
  21  1:43  Probe  
  21  1:45  Cybernetics Core  
  22  1:55  Probe, Assimilator  
  22  1:59  Pylon  
  23  2:17  Probe  
  23  2:18  Adept (Chrono Boost)  
  26  2:27  Stargate  
  26  2:29  Probe  
  27  2:34  Warp Gate  
  27  2:41  Adept  
  30  2:45  Probe x2 (Chrono Boost)  
  31  2:55  Probe (Chrono Boost)  
  31  2:57  Probe (Chrono Boost)  
  33  2:59  Gateway  
  33  3:00  Probe (Chrono Boost)  
  34  3:05  Probe  
  34  3:08  Void Ray (Chrono Boost)  
  39  3:19  Probe  
  40  3:20  Probe  
  40  3:25  Pylon  
  41  3:31  Probe  
  41  3:32  Probe  
  43  3:43  Probe  
  43  3:48  Probe  
  43  3:50  Oracle (Chrono Boost)  
  46  3:56  Probe  
  46  4:00  Probe  
  48  4:02  Pylon  
  48  4:08  Probe  
  49  4:11  Shield Battery  
  49  4:12  Probe  
  49  4:13  Assimilator  
  49  4:15  Assimilator  
  50  4:20  Probe, Void Ray (Chrono Boost)  
  55  4:24  Probe  
  55  4:28  Pylon  
  56  4:46  Probe x2  
  56  4:49  Adept  
  56  4:50  Adept  
  62  4:54  Void Ray  
  66  5:06  Nexus  
  66  5:07  Pylon  
  66  5:09  Probe  
  66  5:19  Stargate, Probe  
  68  5:21  Probe, Gateway  
  68  5:23  Forge  
  68  5:31  Probe  
  68  5:33  Void Ray (Chrono Boost), Probe  
  68  5:34  Stalker  
  76  5:44  Probe  
  76  5:48  Probe  
  78  6:01  Robotics Facility  
  78  6:03  Pylon  
  78  6:05  Pylon  
  88  6:19  Probe (Chrono Boost)  
  88  6:20  Pylon  
  88  6:23  Probe (Chrono Boost)  
  88  6:24  Probe (Chrono Boost)  
  89  6:27  Pylon  
  89  6:28  Probe (Chrono Boost)  
  89  6:29  Pylon  
  89  6:31  Probe (Chrono Boost), Fleet Beacon  
  92  6:33  Probe (Chrono Boost)  
  92  6:35  Probe (Chrono Boost)  
  92  6:39  Probe (Chrono Boost), Pylon  
  94  6:41  Pylon  
  94  6:43  Pylon  
  94  6:46  Probe (Chrono Boost)  
  96  6:47  Probe (Chrono Boost)  
  96  6:49  Phoenix x2 (Chrono Boost)  
  96  6:52  Probe x2 (Chrono Boost)  
  95  6:55  Probe (Chrono Boost)  
  95  6:57  Protoss Air Weapons Level 1  
  95  6:58  Photon Cannon  
  95  7:00  Shield Battery, Probe  
  95  7:01  Probe  
  97  7:02  Stalker  
  97  7:03  Photon Cannon  
  97  7:05  Phoenix (Chrono Boost)  
  95  7:12  Void Ray (Chrono Boost)  
  99  7:22  Stargate  
  99  7:26  Probe x2  
  99  7:33  Phoenix (Chrono Boost)  
  88  7:39  Phoenix (Chrono Boost)  
  85  7:46  Probe  
  85  7:47  Probe  
  85  7:50  Assimilator  
  87  7:53  Phoenix, Assimilator  
  87  7:56  Probe  
  90  7:58  Probe  
  90  7:59  Probe  
  90  8:01  Nexus  
  90  8:03  Pylon  
  90  8:05  Pylon  
  92  8:07  Pylon  
  92  8:08  Probe  
  92  8:11  Probe x2  
  94  8:20  Probe  
  94  8:23  Probe, Photon Cannon  
  94  8:25  Photon Cannon  
  94  8:26  Shield Battery  
  96  8:34  Adept  
  96  8:35  Adept  
  100  8:41  Probe (Chrono Boost)  
  100  8:47  Probe x2 (Chrono Boost)  
  100  8:51  Probe (Chrono Boost)  
  100  8:55  Probe x2 (Chrono Boost)  
  98  8:59  Carrier  
  98  9:01  Adept x2  
  98  9:02  Adept  
  97  9:20  Probe x3 (Chrono Boost)  
  97  9:23  Photon Cannon  
  98  9:25  Photon Cannon  
  97  9:32  Probe (Chrono Boost)  
  97  9:33  Probe x2 (Chrono Boost)  
  99  9:41  Probe x3 (Chrono Boost)  
  102  9:47  Probe  
  102  9:48  Nexus  
  102  9:51  Pylon  
  109  9:53  Pylon  
  109  9:54  Probe  
  109  9:55  Pylon  
  109  9:56  Protoss Shields Level 1  
  110  10:05  Void Ray x2 (Chrono Boost)  
  110  10:09  Twilight Council  
  110  10:12  Adept x3  
  116  10:15  Void Ray (Chrono Boost)  
  107  10:36  Void Ray x2  
  114  10:45  Adept x2  
  114  10:46  Adept  
  111  10:53  Nexus  
  111  10:54  Pylon  
  111  10:55  Probe x3, Pylon  
  108  10:57  Pylon  
  107  11:06  Templar Archives  
  107  11:27  Nexus  
  107  11:29  Pylon  
  107  11:32  Photon Cannon  
  107  11:34  Photon Cannon  
  107  11:36  Photon Cannon  
  107  11:38  Shield Battery, Probe x2  
  109  11:44  Carrier  
  115  11:48  High Templar  
  115  11:49  High Templar  
  115  11:53  Archon  
  121  11:54  Probe (Chrono Boost)  
  121  11:55  Probe x2 (Chrono Boost)  
  121  11:58  Observer  
  123  12:06  Probe (Chrono Boost)  
  126  12:12  Probe x2 (Chrono Boost)  
  126  12:14  Probe (Chrono Boost)  
  119  12:16  Sentry  
  119  12:18  Probe x2 (Chrono Boost)  
  119  12:24  Stalker  
  119  12:27  Gateway  
  119  12:30  Probe, Gateway  
  119  12:35  Psionic Storm  
  109  12:39  Adept  
  111  12:44  High Templar  
  111  12:45  Probe x4  
  111  12:48  Assimilator  
  111  12:50  Assimilator, Stalker  
  119  12:57  Probe x4  
  123  13:17  Probe  
  123  13:18  Probe x3  
  122  13:20  Protoss Ground Weapons Level 1 (Chrono Boost), High Templar x2  
  126  13:28  Cybernetics Core  
  126  13:29  Probe  
  126  13:30  Probe x2  
  129  13:43  High Templar x2  
  133  13:56  Nexus  
  133  13:59  Pylon x2  
  111  14:11  Carrier (Chrono Boost)  
  100  14:22  Adept x3  
  90  14:34  Stalker  
  86  14:48  Carrier (Chrono Boost)  
  92  15:00  Probe  
  92  15:01  Probe  
  94  15:16  Stalker  
Show
View Real Time Build Order
Export as new Build Order

Pumba Zerg - Winner!

Build Orders: Pool First 

Get SALT Encoding   

  12  0:00  Drone  
  13  0:12  Overlord  
  13  0:17  Drone  
  14  0:31  Drone x2  
  16  0:37  Drone  
  16  0:42  Extractor  
  16  0:48  Drone  
  17  0:52  Spawning Pool  
  16  0:58  Drone  
  17  1:16  Hatchery  
  16  1:23  Drone  
  17  1:30  Drone  
  17  1:31  Drone  
  19  1:41  Queen  
  19  1:46  Zergling x2  
  22  1:53  Overlord  
  22  1:57  Metabolic Boost  
  22  2:11  Drone  
  23  2:16  Queen, Drone  
  26  2:25  Drone  
  26  2:28  Lair  
  27  2:32  Extractor  
  27  2:34  Drone  
  27  2:38  Drone  
  27  2:39  Drone  
  29  2:47  Drone  
  29  2:50  Drone  
  29  2:51  Drone  
  32  2:54  Drone x2  
  34  3:03  Overlord  
  34  3:13  Overlord  
  34  3:15  Zergling x2  
  34  3:16  Zergling x2  
  36  3:21  Overlord  
  36  3:26  Zergling x2  
  37  3:27  Zergling x2  
  37  3:28  Drone x3  
  41  3:37  Spire  
  40  3:46  Drone x4  
  42  3:57  Drone  
  42  3:58  Queen  
  42  4:02  Overseer  
  45  4:07  Overlord  
  45  4:08  Drone x2  
  45  4:09  Drone  
  48  4:21  Drone x4  
  52  4:26  Overlord  
  52  4:38  Extractor  
  52  4:40  Extractor  
  52  4:45  Drone x3  
  52  4:46  Drone x2  
  52  4:47  Drone  
  52  4:48  Hatchery  
  54  4:54  Baneling Nest  
  52  5:01  Drone  
  52  5:03  Drone  
  54  5:09  Spore Crawler  
  52  5:21  Drone  
  52  5:22  Drone x3  
  56  5:31  Spore Crawler, Drone x5  
  60  5:36  Drone x2  
  60  5:37  Drone  
  60  5:38  Zerg Flyer Weapons Level 1, Evolution Chamber  
  60  5:39  Centrifugal Hooks, Evolution Chamber  
  61  5:51  Overlord  
  61  5:52  Overlord  
  61  6:03  Spore Crawler  
  61  6:04  Overlord  
  60  6:07  Mutalisk x3  
  60  6:09  Mutalisk x5  
  76  6:11  Mutalisk  
  78  6:22  Drone x3  
  78  6:23  Drone x3  
  78  6:24  Extractor  
  83  6:25  Extractor  
  83  6:29  Zergling x2  
  83  6:31  Overlord  
  83  6:36  Overlord x2  
  83  6:41  Overlord x3  
  83  6:44  Zerg Ground Armor Level 1  
  83  6:52  Drone  
  83  6:53  Drone x3  
  83  6:54  Drone x2  
  89  7:00  Mutalisk  
  91  7:06  Hatchery  
  90  7:09  Mutalisk x4  
  98  7:17  Drone x4  
  98  7:21  Drone x2  
  104  7:24  Overlord  
  104  7:28  Extractor  
  103  7:32  Extractor  
  86  7:45  Mutalisk x5  
  86  7:49  Drone x2  
  86  7:50  Drone x4  
  100  7:54  Drone x3  
  103  8:01  Spore Crawler  
  103  8:02  Spore Crawler  
  103  8:03  Overseer  
  101  8:08  Zergling x14  
  107  8:25  Zerg Melee Weapons Level 1  
  107  8:27  Hatchery  
  107  8:28  Zergling x20  
  116  8:34  Zergling x8  
  116  8:40  Zergling x4  
  122  8:45  Drone x2  
  116  8:57  Corruptor x9  
  116  9:02  Drone x3  
  123  9:14  Drone  
  123  9:15  Drone  
  123  9:16  Queen  
  110  9:28  Corruptor x6  
  122  9:33  Infestation Pit  
  122  9:37  Corruptor x2  
  125  9:41  Zergling x10  
  130  9:46  Zergling x12  
  135  9:53  Zerg Ground Armor Level 2  
  135  10:04  Drone x5  
  135  10:05  Hatchery  
  138  10:09  Zergling x14  
  138  10:13  Baneling x4  
  138  10:14  Baneling  
  143  10:26  Zergling x18  
  144  10:40  Baneling x8  
  140  10:54  Corruptor  
  140  10:55  Corruptor x5  
  145  11:03  Zerg Flyer Weapons Level 2, Hive  
  142  11:06  Spire  
  138  11:15  Drone x10  
  138  11:17  Zerg Melee Weapons Level 2  
  147  11:27  Drone x6  
  147  11:29  Extractor  
  147  11:30  Hatchery, Extractor  
  150  11:38  Hatchery  
  150  11:39  Extractor  
  148  11:40  Extractor  
  148  11:41  Extractor x2  
  145  11:47  Spore Crawler  
  145  11:49  Baneling  
  145  11:50  Baneling x15  
  145  11:53  Zergling x22  
  155  12:01  Overlord x5  
  155  12:02  Overseer x2  
  155  12:22  Baneling  
  155  12:23  Zergling x14, Baneling x13  
  155  12:24  Zergling x4  
  158  12:31  Zergling x20  
  149  12:45  Viper x2  
  149  12:48  Zerg Flyer Armor Level 1  
  155  12:56  Drone x3  
  155  12:57  Ultralisk Cavern  
  157  12:59  Drone x6  
  161  13:08  Zergling x16  
  161  13:09  Zergling x2  
  165  13:23  Spore Crawler  
  165  13:24  Spore Crawler x2, Drone x4  
  165  13:26  Spore Crawler  
  165  13:27  Spore Crawler  
  165  13:28  Spore Crawler  
  163  13:35  Zerg Ground Armor Level 3, Zerg Melee Weapons Level 3, Adrenal Glands  
  163  13:38  Baneling x2  
  163  13:39  Baneling x17  
  163  13:43  Baneling  
  163  13:44  Baneling x3  
  163  13:45  Chitinous Plating  
  145  14:21  Corruptor x12  
  158  14:42  Corruptor x4  
  158  14:43  Corruptor x3  
  170  14:47  Zerg Flyer Weapons Level 3  
  170  14:56  Zergling x10  
  175  15:04  Anabolic Synthesis  
  175  15:08  Zergling x18  
  175  15:10  Zergling x18  
  191  15:17  Overseer, Overlord  
  191  15:18  Overseer  
  190  15:45  Zergling x12  
Tags
 
Add a new tag
Caveats
  • Supply blocks, unpowered buildings, or Contaminate may cause inaccurate times.
  • Supply counts are checked every 10 seconds.